 Dungeon Crawl Stone Soup version 0.26.0-15-gc6cd9f7 (webtiles) character file.

Game seed: 1833992722376432039

58 jimeh the Conjurer (level 3, -2/31 HPs)
             Began as a Troll Hedge Wizard on Jan 24, 2021.
             Slain by a gnoll
             ... wielding a +0 spear
              (8 damage)
             ... on level 2 of the Dungeon.
             The game lasted 00:03:29 (1471 turns).

jimeh the Conjurer (Troll Hedge Wizard)             Turns: 1471, Time: 00:03:29

Health: -2/31      AC:  6    Str: 18    XL:     3   Next: 75%
Magic:  1/5        EV: 10    Int: 11    God:
Gold:   35         SH:  0    Dex:  9    Spells: 5/6 levels left

rFire    . . .     SeeInvis .   (no weapon)
rCold    . . .     Faith    .   (no shield)
rNeg     . . .     Spirit   .   b - +0 robe
rPois    .         Reflect  .   c - +0 hat
rElec    .         Harm     .   (no cloak)
rCorr    .         Rampage  .   (gloves unavailable)
Will     .....                  (boots unavailable)
Stlth    +.........             (no amulet)
HPRegen  0.50/turn              (no ring)
MPRegen  0.09/turn              (no ring)

@: no status effects
A: large, unfitting armour, claws 3, regeneration 1, shaggy fur 1, tough skin 3
a: no special abilities


You were on level 2 of the Dungeon.
You visited 1 branch of the dungeon, and saw 2 of its levels.

You collected 35 gold pieces.

Inventory:

Hand Weapons
 a - a +0 dagger
Armour
 b - a +0 robe (worn)
 c - a +0 hat (worn)
Scrolls
 d - a scroll of identify {unknown}
 f - a scroll of enchant armour {unknown}
Potions
 e - a potion of resistance {unknown}
 g - a potion of heal wounds {unknown}


   Skills:
 - Level 1.7 Dodging
 - Level 1.0 Stealth
 - Level 2.0 Spellcasting
 + Level 2.6 Conjurations
 - Level 0.6 Summonings
 - Level 0.6 Translocations


You had 5 spell levels left.
You knew the following spells:

 Your Spells              Type           Power        Failure   Level
a - Magic Dart            Conj           24%          10%         1

Your spell library contained the following spells:

 Spells                   Type           Power        Failure   Level
 Blink                    Tloc           N/A          34%         2
 Call Imp                 Summ           2%           34%         2
 Slow                     Hex            1%           41%         2
 Conjure Flame            Conj/Fire      4%           45%         3
 Mephitic Cloud           Conj/Pois/Air  3%           52%         3


Dungeon Overview and Level Annotations

Branches:
Dungeon (2/15)

Altars:


Innate Abilities, Weirdness & Mutations

You are too large for most types of armour.
You have claws for hands.
Your natural rate of healing is unusually fast.
You are covered in fur. (AC +1)
You have extremely tough skin. (AC +3)


Message History

The gnoll closely misses you.
You are too depleted to draw on your mana recklessly!
Your magical contamination has completely faded away.
You see here a +0 whip.
The gnoll hits you with a +0 spear.
You claw the gnoll!
The gnoll is severely wounded.
The gnoll hits you with a +0 spear!
You barely miss the gnoll.
The gnoll is severely wounded.
The gnoll hits you with a +0 spear.
You closely miss the gnoll.
The gnoll is severely wounded.
The gnoll hits you with a +0 spear.
You barely miss the gnoll.
The gnoll is severely wounded.
The gnoll hits you with a +0 spear.
* * * LOW HITPOINT WARNING * * *
The gnoll hits you from afar with a +0 spear!
You die...

##.# ...# #..#
#..# #..#######
#<.#.....#
#######..#.###g#
#...)..†...# #.#
#@#####...####.##.
#.# #...#.........
#g# #............>
#)# #...####......
#.# ##g## #######
#.# #.# ##.####.#
#...†...#
#..######


You could see a gnoll.

Vanquished Creatures
  2 gnolls (D:2)
  3 dart slugs
  A leopard gecko (D:1)
  3 giant cockroaches (D:1)
  5 goblins
  2 hobgoblins (D:1)
  3 bats
  4 kobolds
  7 rats
30 creatures vanquished.

Notes
Turn   | Place    | Note
-------+----------+-------------------------------------------
     0 | D:1      | jimeh the Troll Hedge Wizard began the quest for the Orb.
     0 | D:1      | Reached XP level 1. HP: 16/16 MP: 2/2
   100 | D:1      | Reached skill level 1 in Conjurations
   160 | D:1      | Reached XP level 2. HP: 24/24 MP: 0/4
  1257 | D:2      | Reached XP level 3. HP: 31/31 MP: 5/5
  1471 | D:2      | Slain by a gnoll

Illustrated notes

Levels and vault maps discovered:
D:1:      dpeg_arrival_water_fire, layout_basic
D:2:      layout_loops_ring, uniq_natasha

Skill      XL: |  1  2 |
---------------+-------+-----
Conjurations   | 1 2 |  2.6
Dodging        | |  1.7
Stealth        | |  1.0
Spellcasting   | |  2.0
Summonings     | |  0.6
Translocations | |  0.6

Action                   || total
-------------------------++-------
Melee: Unarmed           ||    60
 Cast: Magic Dart        ||    46
Armor: Robe              ||    19
Dodge: Dodged            ||    28
